 Dungeon Crawl Stone Soup version 0.25.1-2-g60ff931df9 (webtiles) character file.

Game seed: 4926553141683403057

7328 DildoBatman the Magician (level 11, -16/80 HPs)
             Began as a Formicid Wizard on Sept 26, 2020.
             Was an Elder of Kikubaaqudgha.
             Demolished by a red ugly thing (20 damage)
             ... on level 12 of the Dungeon.
             The game lasted 00:30:00 (8414 turns).

DildoBatman the Magician (Formicid Wizard)          Turns: 8414, Time: 00:30:01

Health: -16/80     AC:  6    Str: 17    XL:     11   Next: 35%
Magic:  2/21       EV: 13    Int: 22    God:    Kikubaaqudgha [****..]
Gold:   507        SH:  0    Dex:  9    Spells: 3/24 levels left

rFire    . . .     SeeInvis +   a - +4 shortbow
rCold    . . .     Gourm    .   (no shield)
rNeg     . . .     Faith    .   o - +0 troll leather armour
rPois    +         Spirit   .   (helmet unavailable)
rElec    .         Reflect  .   J - +0 cloak
rCorr    .         Harm     .   (no gloves)
MR       +....                  (no boots)
Stlth    ++........             r - amulet of regeneration
HPRegen  1.03/turn              p - +6 ring of strength
MPRegen  0.17/turn              Q - ring of poison resistance

@: very slightly contaminated
A: permanent stasis, dig shafts and tunnels, four strong arms, antennae 3
a: Dig, Shaft Self, Receive Corpses, Renounce Religion


You were on level 12 of the Dungeon.
You worshipped Kikubaaqudgha.
Kikubaaqudgha was greatly pleased with you.
You were not hungry.

You visited 1 branch of the dungeon, and saw 11 of its levels.

You collected 507 gold pieces.

Inventory:

Hand Weapons
 a - a +4 shortbow (weapon)
 b - a +1 dagger of speed
 d - a +1 dagger of venom
 e - a +0 halberd
 L - a +1 vorpal flail
Missiles
 h - 296 stones
 j - 96 arrows (quivered)
 s - 3 datura-tipped darts
 t - 59 poisoned darts
 u - 2 throwing nets
 G - 71 bolts
 K - 88 sling bullets
 M - 8 boomerangs
Armour
 o - a +0 troll leather armour (worn)
 J - a +0 cloak (worn)
Jewellery
 g - an uncursed amulet of reflection
 p - a +6 ring of strength (left hand)
 r - an amulet of regeneration (around neck)
 Q - a ring of poison resistance (right hand)
Wands
 E - a wand of clouds (4)
 H - a wand of disintegration (12)
 S - a wand of acid (9)
Scrolls
 c - 3 scrolls of random uselessness
 k - 4 scrolls of teleportation {unknown}
 q - a scroll of enchant weapon {unknown}
 w - a scroll of fog {unknown}
 x - 4 scrolls of remove curse
 y - 3 scrolls of noise {unknown}
 z - 3 scrolls of identify
 B - 3 scrolls of amnesia {unknown}
 C - 2 scrolls of magic mapping {unknown}
 D - 2 scrolls of immolation {unknown}
 R - a scroll of fear {unknown}
Potions
 f - a potion of cancellation {unknown}
 i - 4 potions of stabbing {unknown}
 l - a potion of brilliance {unknown}
 m - 2 potions of might {unknown}
 n - 3 potions of resistance {unknown}
 F - 3 potions of lignification {unknown}
 I - a potion of haste {unknown}
 N - a potion of heal wounds {unknown}
 O - a potion of degeneration {unknown}
 P - a potion of curing
Miscellaneous
 A - a phantom mirror
Comestibles
 v - 22 rations


   Skills:
 - Level 5.3 Fighting
 - Level 5.3 Armour
 - Level 4.9 Dodging
 - Level 2.4 Stealth
 - Level 7.0 Spellcasting
 - Level 6.0 Conjurations
   Level 1.0 Summonings
 * Level 6.6 Necromancy
   Level 0.8 Translocations
 - Level 5.0 Fire Magic
 - Level 5.0 Air Magic
 * Level 4.6 Earth Magic


You had 3 spell levels left.
You knew the following spells:

 Your Spells              Type           Power        Failure   Level  Hunger
a - Conjure Flame         Conj/Fire      ####....     3%          3    None
b - Borgnjor's Vile Clut  Necr/Erth      ####......   26%         5    #####..
c - Magic Dart            Conj           ####         1%          1    None
d - Vampiric Draining     Necr           #####.....   1%          3    None
e - Mephitic Cloud        Conj/Pois/Air  ###.....     7%          3    None
h - Dispel Undead         Necr           #####...     6%          4    ###....
z - Sublimation of Blood  Necr           #####.....   1%          2    None

Your spell library contained the following spells:

 Spells                   Type           Power        Failure   Level  Hunger
 Animate Skeleton         Necr           N/A          1%          1    None
 Pain                     Necr           ####         1%          1    None
 Shock                    Conj/Air       ####         1%          1    None
 Corpse Rot               Necr/Air       N/A          1%          2    None
 Static Discharge         Conj/Air       ####....     3%          3    None
 Call Imp                 Summ           ##......     10%         2    None
 Slow                     Hex            #.......     14%         2    None
 Animate Dead             Necr           N/A          6%          4    ###....
 Airstrike                Air            ####......   12%         4    ###....
 Agony                    Necr           #####...     17%         5    #####..
 Lightning Bolt           Conj/Air       ####......   28%         5    #####..
 Death Channel            Necr           #####.....   67%         6    ######.
 Simulacrum               Ice/Necr       ###.......   98%         6    ######.
 Swiftness                Chrm/Air       Unusable     N/A         2    N/A
 Blink                    Tloc           Unusable     N/A         2    N/A

Dungeon Overview and Level Annotations

Branches:
Dungeon (10/15)            Temple (0/1) D:6            Lair (0/6) D:9
    Orc (0/2) D:10

Altars:
Ashenzari
Gozag
Kikubaaqudgha
Qazlal
Sif Muna
Trog
Uskayaw
Vehumet
Xom
Zin

Shops:
D:5 [   D:9 (

Annotations:
D:3 exclusion: dancing weapon
D:4 exclusion: angel


Innate Abilities, Weirdness & Mutations

You cannot be hasted, slowed, berserked, paralysed or teleported.
You can dig through walls and to a lower floor.
Your four strong arms can wield two-handed weapons with a shield.
You have a pair of large antennae on your head. (SInv)


Message History

You feel better.
The red ugly thing is engulfed in blazing flames.
The red ugly thing pecks you!
You are engulfed in flames!
You feel better.
The red ugly thing is engulfed in blazing flames.
The red ugly thing misses you.
Okay, then.
Casting: Conjure Flame (mildly dangerous; 3% risk of failure)
Confirm with . or Enter, or press ? or * to list all spells.
Aiming: Vampiric Draining (safe; 1% risk of failure)
Press: ? - help, Shift-Dir - straight line, f - red ugly thing
Aim: a red ugly thing (flame, moderately wounded)
The red ugly thing is heavily wounded.
You feel life coursing into your body.
The red ugly thing is engulfed in blazing flames.
The red ugly thing pecks you!
You are engulfed in flames!!
You die...
Kikubaaqudgha rasps: "You have failed me!
Welcome... death!"

...^....#.###.................#
.......#...##...#............##
....#......###)..#)..........#
...#.#.##..###.........##...##
......###...###..#.#..#######
...#.# ##.## ###.....## ...#.
### ####......# . ##.###.#...#
.. #.#.@u#...## a. #######...#
..O ##.## ###


You could see a red ugly thing.

Vanquished Creatures
  2 two-headed ogres
  Pikel (D:4)
  2 deep elf magi
  Prince Ribbit (D:5)
  2 hippogriffs
  A spriggan (D:10)
  2 wargs (D:9)
  4 orc warriors
  An ice beast (D:5)
  2 black bears
  A necrophage (D:10)
  4 slaves (D:4)
  5 ogres
  A sky beast (D:5)
  A phantom (D:8)
  3 centaurs
  A big kobold (D:10)
  4 bullfrogs
  A wyvern zombie (D:9)
  2 scorpions
  5 killer bees
  2 howler monkeys
  5 crimson imps
  A bullfrog zombie (D:8)
  2 quasits
  A centaur zombie (D:6)
  3 hounds
  4 jellies
  7 orc priests
  An iguana (D:6)
  10 orc wizards
  12 worker ants
  2 worker ant zombies
  14 gnolls
  10 adders
  3 shadow imps
  3 oozes
  3 adder skeletons
  A worm (D:4)
  A dart slug (D:1)
  7 leopard geckos
  27 orcs
  A giant cockroach (D:9)
  6 goblins
  7 hobgoblins
  7 jackals
  14 kobolds
  3 quokkas
  6 bats
  6 frilled lizards
  11 rats
226 creatures vanquished.

Vanquished Creatures (collateral kills)
  An orc (D:7)
1 creature vanquished.

Vanquished Creatures (others)
  2 kobolds (D:10)
2 creatures vanquished.

Grand Total: 229 creatures vanquished

Notes
Turn   | Place    | Note
-------+----------+-------------------------------------------
     0 | D:1      | DildoBatman the Formicid Wizard began the quest for the
                  | Orb.
     0 | D:1      | Reached XP level 1. HP: 13/13 MP: 4/4
    52 | D:1      | Reached skill level 1 in Conjurations
   236 | D:1      | Reached XP level 2. HP: 18/19 MP: 4/6
   661 | D:1      | Reached XP level 3. HP: 24/24 MP: 2/7
  1052 | D:2      | Found an opulent altar of Gozag.
  1277 | D:2      | Reached XP level 4. HP: 30/30 MP: 2/8
  1397 | D:2      | Found a bloodstained altar of Trog.
  1793 | D:3      | Reached XP level 5. HP: 34/35 MP: 6/9
  1897 | D:3      | Learned a level 3 spell: Conjure Flame
  1901 | D:3      | Learned a level 3 spell: Mephitic Cloud
  1918 | D:3      | Noticed a +0 dagger
  1918 | D:3      | Noticed a +0 hand axe
  1921 | D:3      | Found a hide-covered altar of Uskayaw.
  2235 | D:3      | Reached XP level 6. HP: 41/41 MP: 3/10
  2291 | D:3      | Reached skill level 5 in Conjurations
  2317 | D:3      | Found an ancient bone altar of Kikubaaqudgha.
  2321 | D:3      | Found a stormy altar of Qazlal.
  2325 | D:3      | Became a worshipper of Kikubaaqudgha
  2390 | D:2      | Reached skill level 1 in Fire Magic
  2501 | D:4      | Reached skill level 1 in Air Magic
  2604 | D:4      | Noticed a slave
  2604 | D:4      | Noticed a slave
  2604 | D:4      | Noticed a slave
  2604 | D:4      | Noticed Pikel
  2623 | D:4      | Noticed a slave
  2633 | D:4      | Killed a slave
  2674 | D:4      | Killed Pikel
  2674 | D:4      | Reached XP level 7. HP: 46/46 MP: 4/11
  2674 | D:4      | Reached XP level 8. HP: 52/52 MP: 4/12
  3527 | D:4      | Found a glowing silver altar of Zin.
  3528 | D:4      | Noticed an angel
  3567 | D:5      | Entered Level 5 of the Dungeon
  3719 | D:5      | Noticed Prince Ribbit
  3758 | D:5      | Killed Prince Ribbit
  3936 | D:5      | Reached skill level 5 in Fire Magic
  4089 | D:5      | You fall into a shaft and drop 2 floors!
  4096 | D:7      | Noticed a hippogriff
  4107 | D:7      | Killed a hippogriff
  4107 | D:7      | Reached skill level 5 in Air Magic
  4107 | D:7      | Reached XP level 9. HP: 43/58 MP: 8/13
  4111 | D:7      | Reached * piety under Kikubaaqudgha
  4111 | D:7      | Identified Kikubaaqudgha's Volume of Sinister Rites
                  | (Kikubaaqudgha gifted it to you on level 7 of the Dungeon)
  4111 | D:7      | Received a gift from Kikubaaqudgha
  4119 | D:7      | Reached skill level 1 in Fighting
  4119 | D:7      | Reached skill level 1 in Armour
  4649 | D:7      | You fall into a shaft and drop 3 floors!
  4649 | D:10     | Entered Level 10 of the Dungeon
  4766 | D:10     | Found a staircase to the Orcish Mines.
  4827 | D:9      | Found a shattered altar of Ashenzari.
  4933 | D:9      | Found Botiw's Weapon Emporium.
  4934 | D:9      | Found a shimmering altar of Xom.
  5041 | D:9      | Reached skill level 1 in Necromancy
  5046 | D:9      | Noticed a hippogriff
  5053 | D:9      | Killed a hippogriff
  5059 | D:9      | Reached skill level 4 in Spellcasting
  5059 | D:9      | Reached XP level 10. HP: 25/71 MP: 5/16
  5062 | D:9      | Reached ** piety under Kikubaaqudgha
  5102 | D:9      | Learned a level 2 spell: Sublimation of Blood
  5106 | D:9      | Learned a level 3 spell: Vampiric Draining
  5160 | D:9      | Found a staircase to the Lair.
  5505 | D:9      | Found a shimmering blue altar of Sif Muna.
  5652 | D:8      | Noticed a two-headed ogre
  5813 | D:9      | Reached skill level 5 in Armour
  5925 | D:9      | Reached skill level 5 in Fighting
  6280 | D:8      | Reached *** piety under Kikubaaqudgha
  6280 | D:8      | Identified Kikubaaqudgha's Papyrus of Evil (Kikubaaqudgha
                  | gifted it to you on level 8 of the Dungeon)
  6280 | D:8      | Received a gift from Kikubaaqudgha
  6284 | D:8      | Reached skill level 5 in Spellcasting
  6320 | D:8      | Killed a two-headed ogre
  6951 | D:6      | Reached skill level 6 in Spellcasting
  6969 | D:6      | Reached skill level 5 in Necromancy
  7047 | D:6      | Found a staircase to the Ecumenical Temple.
  7532 | D:5      | Found a radiant altar of Vehumet.
  7628 | D:5      | Found Ulipiur's Armour Boutique.
  7634 | D:5      | Learned a level 4 spell: Dispel Undead
  7640 | D:5      | Learned a level 5 spell: Borgnjor's Vile Clutch
  8060 | D:10     | Noticed a deep elf mage
  8079 | D:10     | Killed a deep elf mage
  8079 | D:10     | Reached skill level 1 in Earth Magic
  8079 | D:10     | Reached XP level 11. HP: 35/80 MP: 9/20
  8099 | D:10     | Reached **** piety under Kikubaaqudgha
  8156 | D:10     | You fall into a shaft and drop 2 floors!
  8169 | D:12     | Noticed a deep elf mage
  8209 | D:12     | Killed a deep elf mage
  8209 | D:12     | Reached skill level 7 in Spellcasting
  8271 | D:12     | Found a shattered altar of Ashenzari.
  8301 | D:12     | Noticed a two-headed ogre
  8325 | D:12     | Killed a two-headed ogre
  8389 | D:12     | Noticed a red ugly thing
  8412 | D:12     | HP: 3/80 [red ugly thing (12)]
  8414 | D:12     | Demolished by a red ugly thing

Illustrated notes

Levels and vault maps discovered:
D:1:      lemuel_arrival_muddy, layout_loops_cross
D:2:      layout_rooms, nicolae_gozag_seed_capital, lemuel_crystal_altar
D:3:      layout_basic, dancing_weapons_uskayaw, minitemple, first_ration
D:4:      layout_basic, zin_angel, uniq_pikel
D:5:      layout_loops_ring, overflow_temple_1_default, serial_shops,
          nicolae_shop_stone, hangedman_abyss_or_decor_lesser_grid,
          kennysheep_opposing_triangles, uniq_prince_ribbit1
D:6:      layout_loops_cross, minmay_temple_entry_slanted
D:7:      layout_cave_pools
D:8:      layout_rooms
D:9:      kennysheep_orc_sif_temple, layout_rooms, xom_teletrap_fun,
          evilmike_ruin_ashenzari, erik_lair_orcish_takeover, serial_shops, shop
D:10:     layout_cave_pools, hangedman_stone_soup, minivault_26, uniq_fannar
D:12:     layout_cross, lemuel_tele_altar, uniq_urug

Skill      XL: |  1  2  3  4  5  6  7  8  9 10 11 |
---------------+----------------------------------+-----
Conjurations   | 1 2 3 4 5 6 |  6.0
Fire Magic     | 3 5 |  5.0
Air Magic      | 2 5 |  5.0
Dodging        | 2 4 |  4.9
Fighting       | 4 5 |  5.3
Armour         | 4 5 |  5.3
Necromancy     | 1 5 6 |  6.6
Spellcasting   | 4 6 7 |  7.0
Earth Magic    | 1 4 |  4.6
Stealth        | |  2.4
Summonings     | |  1.0
Translocations | |  0.8

Action                   |  1- 3 |  4- 6 |  7- 9 | 10-12 || total
-------------------------+-------+-------+-------+-------++-------
Melee: Club              |    16 |       |       |       ||    16
       Dagger            |     6 |   134 |   189 |    19 ||   348
       Whip              |       |       |    18 |       ||    18
       Halberd           |       |       |     4 |     6 ||    10
       Flail             |       |       |    27 |       ||    27
 Fire: Shortbow          |       |       |    24 |   264 ||   288
Throw: Dart              |       |       |     8 |       ||     8
 Cast: Magic Dart        |    68 |    64 |    39 |    64 ||   235
       Mephitic Cloud    |       |     6 |    22 |    39 ||    67
       Conjure Flame     |       |     2 |    14 |    18 ||    34
       Sublimation of Bl |       |       |       |     1 ||     1
       Vampiric Draining |       |       |       |     1 ||     1
       Dispel Undead     |       |       |       |     1 ||     1
 Abil: Dig               |     1 |     3 |     8 |     9 ||    21
  Use: Potion            |       |       |     3 |     2 ||     5
       Scroll            |       |       |     3 |       ||     3
 Stab: Sleeping          |     2 |     2 |     3 |       ||     7
       Confused          |       |     7 |    10 |     1 ||    18
  Eat: Chunk             |     1 |     5 |    11 |    11 ||    28
       Ration            |       |       |       |     1 ||     1
Armor: Robe              |     1 |       |       |       ||     1
       Troll leather arm |    10 |    23 |    33 |    76 ||   142
Dodge: Dodged            |    28 |    44 |   110 |   190 ||   372
Block: Other             |     1 |    16 |    12 |       ||    29
